 Dungeon Crawl Stone Soup version 0.28.0 (webtiles) character file.

Game seed: 11160980031261625921

5 trckry the Grasshopper (level 1, -2/14 HPs)
             Began as a Demonspawn Wanderer on Feb 12, 2022.
             Slain by a quokka (4 damage)
             ... on level 1 of the Dungeon.
             The game lasted 00:00:33 (181 turns).

trckry the Grasshopper (Demonspawn Wanderer)         Turns: 181, Time: 00:00:33

Health: -2/14      AC:  3    Str: 14    XL:     1   Next: 66%
Magic:  3/3        EV: 11    Int: 12    God:
Gold:   0          SH:  0    Dex: 11    Spells: 4/4 levels left

rFire   . . .      SeeInvis .   a - +0 club
rCold   . . .      Faith    .   (no shield)
rNeg    . . .      Spirit   .   b - +0 leather armour
rPois   .          Reflect  .   (no helmet)
rElec   .          Harm     .   (no cloak)
rCorr   .          Rampage  .   (no gloves)
Will    .....                   (no boots)
Stlth   +.........              (no amulet)
HPRegen 0.04/turn               (no ring)
MPRegen 0.08/turn               (no ring)

@: no status effects
A: no striking features
a: no special abilities


You were on level 1 of the Dungeon.
You visited 1 branch of the dungeon, and saw 1 of its levels.

Inventory:

Hand Weapons
 a - a +0 club (weapon)
Armour
 b - a +0 leather armour (worn)
Scrolls
 d - a scroll of holy word {unknown}
Miscellaneous
 c - a piece from Xom's chessboard (15/15) (quivered)


   Skills:
 + Level 0.4 Fighting
 + Level 1.1 Armour
 + Level 1.1 Dodging
 - Level 1.0 Stealth
 - Level 2.0 Spellcasting
 - Level 1.0 Summonings
 - Level 2.6 Translocations
 + Level 1.2 Evocations


You had 4 spell levels left.
You didn't know any spells.
Your spell library contained the following spells:

 Spells                   Type           Power      Damage    Failure   Level
 Apportation              Tloc           14%        N/A       11%         1
 Summon Small Mammal      Summ           12%        N/A       22%         1
 Gell's Gravitas          Tloc           7%         N/A       32%         3
 Summon Guardian Golem    Hex/Summ       2%         N/A       63%         3
 Iskenderun's Mystic Bla  Conj/Tloc      4%         2d3       88%         4


Dungeon Overview and Level Annotations

Branches:
Dungeon (1/15)

Altars:


Message History

You hit the giant cockroach.
The giant cockroach is heavily wounded.
The giant cockroach bites you but does no damage.
You closely miss the giant cockroach.
The giant cockroach is heavily wounded.
The giant cockroach bites you. The giant cockroach barely misses you.
You hit the giant cockroach but do no damage.
The giant cockroach is heavily wounded.
The giant cockroach misses you.
You hit the giant cockroach.
The giant cockroach is severely wounded.
The giant cockroach closely misses you. The giant cockroach barely misses you.
You closely miss the giant cockroach.
The giant cockroach is severely wounded.
The giant cockroach barely misses you.
You hit the giant cockroach.
The giant cockroach is almost dead.
The giant cockroach barely misses you. The giant cockroach bites you.
You closely miss the giant cockroach.
The giant cockroach is almost dead.
The giant cockroach bites you but does no damage.
You hit the giant cockroach.
You kill the giant cockroach!
You hit the quokka.
The quokka is moderately wounded.
The quokka closely misses you. The quokka barely misses you.
You closely miss the quokka.
The quokka is moderately wounded.
The quokka barely misses you.
You hit the quokka.
The quokka is heavily wounded.
The quokka barely misses you. x2
You closely miss the quokka.
The quokka is heavily wounded.
The quokka bites you.
* * * LOW HITPOINT WARNING * * *
You barely miss the quokka.
The quokka is heavily wounded.
The quokka bites you.
You die...

........# ....... ........#
....... ........# .......
........# ....... ........#
.....[. .)(..>..######.....###
#####..............#..
#.#####...######.# #.#
#.#..r@..#.# #.## #...######.#
#..# ##### #.#
##.#############.############
##.....#....>##...............
##.............#.######.#.#.###
#....(...........#....#.#.#....
#......>........##.##.#.#.#.###
#...............##.#..#.#.#.#..


You could see a quokka.

Vanquished Creatures
  A bat (D:1)
  A giant cockroach (D:1)
  A hobgoblin (D:1)
  A kobold (D:1)
4 creatures vanquished.

Notes
Turn   | Place    | Note
-------+----------+-------------------------------------------
     0 | D:1      | trckry the Demonspawn Wanderer began the quest for the Orb.
     0 | D:1      | trckry set off with the following items: a +0 club, a +0
                  | leather armour, a piece from Xom's chessboard (15/15); and
                  | the following spells available to memorise: Apportation,
                  | Summon Small Mammal, Gell's Gravitas, Summon Guardian
                  | Golem, Iskenderun's Mystic Blast
     0 | D:1      | Reached XP level 1. HP: 13/13 MP: 3/3
   180 | D:1      | HP: 2/14 [quokka (2)]
   181 | D:1      | Slain by a quokka

Illustrated notes

Levels and vault maps discovered:
D:1:      matt_arrival_spirals, layout_rooms, ebering_ecumenical_altar_webs,
          minmay_misc_feat_rows, amcnicky_mini_pool_small

Action                   || total
-------------------------++-------
Melee: Club              ||    31
Armor: Leather armour    ||    13
Dodge: Dodged            ||    26
